 Dungeon Crawl Stone Soup version 0.28-a0-851-g8b9cc49659 (webtiles) character file.

Game seed: 13125795890210386808

91 bande the Covered (level 4, 0/29 HPs)
             Began as a Gargoyle Fighter on Nov 14, 2021.
             Slain by Natasha (5 damage)
             ... on level 2 of the Dungeon on Nov 15, 2021.
             The game lasted 00:03:10 (1587 turns).

bande the Covered (Gargoyle Fighter)                Turns: 1587, Time: 00:03:10

Health: 0/29       AC: 13    Str: 20    XL:     4   Next: 57%
Magic:  4/4        EV:  7    Int:  9    God:
Gold:   33         SH:  5    Dex:  9    Spells: 3/3 levels left

rFire   . . .      SeeInvis .   a - +0 war axe
rCold   . . .      Faith    .   c - +1 buckler
rNeg    + + .      Spirit   .   e - +0 chain mail
rPois   ∞          Reflect  .   (no helmet)
rElec   +          Harm     .   (no cloak)
rCorr   .          Rampage  .   (no gloves)
Will    .....                   (no boots)
Stlth   ..........              (no amulet)
HPRegen 0.09/turn               b - ring of positive energy
MPRegen 0.09/turn               (no ring)

@: slowed, very slow
A: sickness immunity, AC +3, negative energy resistance 1, electricity
resistance, torment resistance 1, petrification resistance
a: no special abilities


You were on level 2 of the Dungeon.
You visited 1 branch of the dungeon, and saw 2 of its levels.

You collected 33 gold pieces.

Inventory:

Hand Weapons
 a - a +0 war axe (weapon)
 g - a +0 flail
Armour
 c - a +1 buckler (worn)
 e - a +0 chain mail (worn)
Jewellery
 b - a ring of positive energy (left hand)
Scrolls
 f - a scroll of teleportation
 h - a scroll of enchant armour
Potions
 d - a potion of might


   Skills:
 + Level 3.8 Fighting
 + Level 2.8 Axes
 + Level 4.2 Armour
 + Level 3.7 Shields


You had 3 spell levels left.
You didn't know any spells.
Your spell library contained the following spells:

 Spells                   Type           Power      Damage    Failure   Level
 Summon Forest            Summ/Tloc      0%         N/A       100%        5
 Summon Mana Viper        Hex/Summ       0%         N/A       100%        5
 Summon Cactus Giant      Summ           0%         N/A       100%        6


Dungeon Overview and Level Annotations

Branches:
Dungeon (2/15)

Altars:

Annotations:
D:2 Natasha


Innate Abilities, Weirdness & Mutations

You are immune to sickness and miasma.
Your stone body is resilient. (AC +3)
You are immune to poison.
You resist negative energy. (rN+)
You are resistant to electric shocks. (rElec)
You are resistant to unholy torment.
You are immune to petrification.


Message History

You flicker for a moment.
Natasha wildly gestures.
You feel troubled.
Natasha stares at you and mumbles some strange words.
You feel as though you will be slow longer.
Natasha claws you but does no damage.
You barely miss Natasha.
Natasha is heavily wounded.
Natasha claws you. Natasha claws you but does no damage.
Unknown command.
Unknown command.
You hit Natasha but do no damage.
Natasha is heavily wounded.
Natasha claws you.
* * * LOW HITPOINT WARNING * * *
Natasha claws you.
* * * LOW HITPOINT WARNING * * *
You closely miss Natasha.
Natasha is heavily wounded.
You flicker back into view.
You block Natasha's attack. x2; Natasha barely misses you.
You hit Natasha.
Natasha is heavily wounded.
Natasha casts a spell at you. The magic dart hits you.
* * * LOW HITPOINT WARNING * * *
You barely miss Natasha.
Natasha is heavily wounded.
Natasha casts a spell.
Natasha barely misses you.
You barely miss Natasha.
Natasha is heavily wounded.
You block Natasha's attack. Natasha barely misses you.
You miss Natasha.
Natasha is heavily wounded.
Natasha closely misses you. Natasha claws you but does no damage.
You closely miss Natasha.
Natasha is heavily wounded.
Natasha claws you.
You die...

#..>..............###
#.................#.#
########..........#..
####### #.#.#.####.#.#
#...... #.#.#......#.#
#...... #.#.########.#
....... #.#...........
#......#####.#####..####.
......5h@................
#....$.##..##.÷.[........
#...... ##.##............
#...... #.##............
#...... #..#...........#
## #......
##.#............ .#
#...... #.#............
.# #.###..
#.............. .##
##.............


You could see an iron imp (summoned) and Natasha.

Vanquished Creatures
  Terence (D:2)
  An adder (D:2)
  A gnoll (D:1)
  A worm (D:2)
  2 dart slugs
  7 bats
  6 endoplasms
  3 giant cockroaches
  4 goblins (D:1)
  4 hobgoblins (D:1)
  A kobold (D:1)
  A quokka (D:1)
  A ball python (D:2)
  2 frilled lizards (D:2)
  4 rats
39 creatures vanquished.

Notes
Turn   | Place    | Note
-------+----------+-------------------------------------------
     0 | D:1      | bande the Gargoyle Fighter began the quest for the Orb.
     0 | D:1      | Reached XP level 1. HP: 14/14 MP: 1/1
   171 | D:1      | Reached XP level 2. HP: 11/19 MP: 2/2
   398 | D:1      | Reached XP level 3. HP: 23/23 MP: 3/3
   477 | D:1      | Found a faded altar of an unknown god.
  1003 | D:2      | Reached XP level 4. HP: 29/29 MP: 4/4
  1006 | D:2      | Noticed Terence
  1020 | D:2      | Killed Terence
  1021 | D:2      | Reached skill level 4 in Armour
  1558 | D:2      | Noticed Natasha
  1587 | D:2      | Slain by Natasha

Illustrated notes

Levels and vault maps discovered:
D:1:      psy_arrival_wood_between_worlds, layout_basic,
          ebering_ecumenical_altar_sacrificial, chequers_serial_rivers_micro_a,
          nrook_campfire
D:2:      layout_basic, minmay_quantized, uniq_natasha, uniq_terence

Skill      XL: |  1  2  3  4 |
---------------+-------------+-----
Axes           | 2 |  2.8
Armour         | 4 |  4.2
Fighting       | |  3.8
Shields        | |  3.7

Action                   |  1- 3 |  4- 6 || total
-------------------------+-------+-------++-------
Melee: War axe           |    86 |    42 ||   128
  Use: Scroll            |       |     3 ||     3
       Potion            |       |     3 ||     3
Armor: Chain mail        |    40 |    25 ||    65
       Scale mail        |     3 |       ||     3
Dodge: Dodged            |    38 |    16 ||    54
Block: Buckler           |    24 |    11 ||    35

Table legend: (Time is in decaauts)
 A = Elapsed time spent in this place.
 B = Non-inter-level travel time spent in this place.
 C = Inter-level travel time spent in this place.
 D = Time resting spent in this place.
 E = Time spent auto-exploring this place.
 F = Levels seen in this place.
 G = Mean time per level.
                   A        B        C        D        E       F      G
               +--------+--------+--------+--------+--------+-----+--------+
         Total |   1657 |   1657 |      0 |    307 |    990 |   2 |  828.5 |
       Dungeon |   1657 |   1657 |      0 |    307 |    990 |   2 |  828.5 |
               +--------+--------+--------+--------+--------+-----+--------+

Top non-repeatable levels by time:
     D:1: 932 daAuts
     D:2: 725 daAuts
